 Dungeon Crawl Stone Soup version 0.29.1-2-gbd0b4ee654 (webtiles) character file.

Game seed: 1174685079124072562

639 qeuew the Chopper (level 7, 0/62 HPs)
             Began as a Minotaur Berserker on Nov 13, 2022.
             Was a Believer of Trog.
             Slain by an iguana (9 damage)
             ... on level 5 of the Dungeon.
             The game lasted 00:04:38 (3278 turns).

qeuew the Chopper (Minotaur Berserker)              Turns: 3278, Time: 00:04:39

Health: 0/62       AC:  7    Str: 21    XL:     7   Next: 26%
Magic:  6/6        EV: 12    Int:  4    God:    Trog [**....]
Gold:   206        SH:  0    Dex: 12    Spells: 6/6 levels left

rFire   . . .      SeeInvis .   k - +0 war axe
rCold   . . .      Faith    .   (no shield)
rNeg    . . .      Spirit   .   f - +1 ring mail
rPois   +          Reflect  .   (helmet restricted)
rElec   .          Harm     .   (no cloak)
rCorr   .          Rampage  .   (no gloves)
Will    ++...                   (no boots)
Stlth   +.........              (no amulet)
HPRegen 1.20/turn               b - ring of poison resistance
MPRegen 0.10/turn               j - ring of flight

@: strong-willed, flying, regenerating, studying Axes
A: horns 2, retaliatory headbutt, talons 1, no potion heal 1
a: Renounce Religion, Berserk, Trog's Hand


You were on level 5 of the Dungeon.
You worshipped Trog.
Trog was pleased with you.
You visited 1 branch of the dungeon, and saw 5 of its levels.

You collected 206 gold pieces.

Inventory:

Hand Weapons
 k - a +0 war axe (weapon)
Armour
 f - a +1 ring mail (worn)
Jewellery
 b - a ring of poison resistance (left hand)
 j - a ring of flight (right hand)
Scrolls
 c - a scroll of acquirement
Potions
 g - a potion of haste
 i - 2 potions of curing


   Skills:
 + Level 5.9 Fighting
 + Level 6.5 Axes
 + Level 5.2 Armour
 + Level 4.8 Dodging


You had 6 spell levels left.
You didn't know any spells.
Your spell library was empty.

Dungeon Overview and Level Annotations

Branches:
Dungeon (5/15)             Temple (0/1) D:4

Altars:

Shops:
D:1 *


Innate Abilities, Weirdness & Mutations

You have a pair of horns on your head.
You reflexively headbutt those who attack you in melee.
You have sharp toenails.
Potions are less effective at restoring your health.


Message History

The phantom is heavily damaged.
You hit the iguana but do no damage. The phantom misses you.
The iguana bites you but does no damage.
The phantom hits you.
The phantom blinks!
You blink.
You hit the phantom. You claw the phantom! Your headbutt misses the phantom.
The phantom is almost destroyed.
You slash the ogre! The phantom hits you. The ogre misses you.
You hit the phantom. Your kick misses the phantom.
The phantom is almost destroyed.
You barely miss the ogre. The phantom hits you.
You slash the phantom!
You destroy the phantom!
Trog accepts your kill.
You hit the ogre but do no damage. You closely miss the iguana.
The ogre hits you with a +0 giant club! The iguana bites you!
You barely miss the ogre. You claw the ogre.
The ogre is heavily wounded.
You hit the iguana but do no damage. The iguana barely misses you.
The ogre barely misses you.
You barely miss the ogre. You claw the ogre.
The ogre is heavily wounded.
You hit the iguana but do no damage. The iguana misses you.
The ogre hits you with a +0 giant club!!
* * * LOW HITPOINT WARNING * * *
You are too injured to fight recklessly!
You are too injured to fight recklessly!
You are too injured to fight recklessly!
You are too injured to fight recklessly!
You are too injured to fight recklessly!
You are too injured to fight recklessly!
You are too injured to fight recklessly!
You are too injured to fight recklessly!
You are too injured to fight recklessly!
You are too injured to fight recklessly!
You are too injured to fight recklessly!
You are too injured to fight recklessly!
Your skin crawls.
You feel strong-willed. The iguana bites you!
You die...

.............####
#....................<
#............?<.......
#....................
#...$.......##......
#..........## ......
#..........# .....
#..$.......# .....
#..@l......# ....
#....O.....# ....
##........##
#..........#
#..^.......#
#..........#
#..........#
#..........#
#........##


You could see an ogre and an iguana.

Vanquished Creatures
  Duvessa (D:4)
  A phantom (D:5)
  A necrophage (D:4)
  A scorpion (D:4)
  Dowan (D:4)
  2 hounds
  2 jellies
  4 adders
  4 gnolls (D:4)
  An ufetubus (D:4)
  A worm (D:4)
  3 dart slugs
  2 orcs (D:4)
  3 bats
  5 endoplasms
  5 giant cockroaches
  6 goblins
  4 hobgoblins
  8 kobolds
  7 quokkas
  6 ball pythons
  A frilled lizard (D:1)
  4 rats
73 creatures vanquished.

Notes
Turn   | Place    | Note
-------+----------+-------------------------------------------
     0 | D:1      | qeuew the Minotaur Berserker began the quest for the Orb.
     0 | D:1      | Reached XP level 1. HP: 19/19 MP: 0/0
   295 | D:1      | Reached XP level 2. HP: 27/27 MP: 1/1
   318 | D:1      | Found Bolap's Assorted Antiques.
   678 | D:1      | Found a faded altar of an unknown god.
   785 | D:1      | Reached skill level 4 in Axes
   878 | D:1      | Gained mutation: Potions are less effective at restoring
                  | your health. [potion of mutation]
   878 | D:1      | Gained mutation: You have sharp toenails. [potion of
                  | mutation]
   905 | D:2      | Reached XP level 3. HP: 16/33 MP: 2/2
  1139 | D:2      | Reached ** piety under Trog
  1378 | D:2      | Reached XP level 4. HP: 41/41 MP: 3/3
  2074 | D:3      | Identified a scroll of acquirement
  2104 | D:4      | Noticed a scorpion
  2111 | D:4      | Killed a scorpion
  2112 | D:4      | Reached XP level 5. HP: 47/47 MP: 4/4
  2365 | D:4      | Reached skill level 5 in Fighting
  2638 | D:4      | Noticed Duvessa
  2638 | D:4      | Noticed Dowan
  2646 | D:4      | Killed Duvessa
  2647 | D:4      | Reached skill level 5 in Axes
  2647 | D:4      | Reached XP level 6. HP: 56/56 MP: 5/5
  2654 | D:4      | Killed Dowan
  2655 | D:4      | Acquired a manual of Axes
  2780 | D:4      | Found a staircase to the Ecumenical Temple.
  3072 | D:4      | Reached skill level 6 in Axes
  3072 | D:4      | Reached XP level 7. HP: 52/62 MP: 6/6
  3261 | D:5      | Entered Level 5 of the Dungeon
  3269 | D:5      | Reached skill level 5 in Armour
  3278 | D:5      | Slain by an iguana

Illustrated notes

Levels and vault maps discovered:
D:1:      minmay_arrival_plants_in_alcoves, layout_loops_cross, serial_shops,
          shop_statue, ebering_ecumenical_altar_rust
D:2:      layout_loops_ring, grunt_ministairs_5, kennysheep_generic_room_11
D:3:      layout_rooms
D:4:      minmay_general_purpose_star, layout_loops_ring,
          minmay_temple_entry_glassed_door, kennysheep_generic_room_2,
          uniq_duvessa
D:5:      layout_rooms, grunt_temple_overflow_cloverleaf

Skill      XL: |  1  2  3  4  5  6  7 |
---------------+----------------------+-----
Fighting       | 4 5 |  5.9
Axes           | 4 5 6 |  6.5
Armour         | 3 4 5 |  5.2
Dodging        | 3 4 |  4.8

Action                   |  1- 3 |  4- 6 |  7- 9 || total
-------------------------+-------+-------+-------++-------
Melee: Hand axe          |    55 |    43 |       ||    98
       Headbutt          |     9 |    15 |     2 ||    26
       Kick              |     7 |    24 |     5 ||    36
       Punch             |     1 |     1 |       ||     2
       War axe           |       |    37 |    11 ||    48
Invok: Berserk           |       |     2 |       ||     2
       Trog's Hand       |       |     1 |     1 ||     2
  Use: Scroll            |     5 |     6 |     3 ||    14
       Potion            |     1 |     1 |     3 ||     5
Armor: Animal skin       |     2 |       |       ||     2
       Ring mail         |    12 |    23 |     2 ||    37
Dodge: Dodged            |    43 |    52 |     9 ||   104
